 Dungeon Crawl Stone Soup version 0.28-a0-1506-g3893175d92 (webtiles) character file.

Game seed: 10857249775977209900

3656 porpoise the Grappler (level 9, -4/72 HPs)
             Began as a Demonspawn Gladiator on Jan 14, 2022.
             Was a Priest of Makhleb.
             Slain by a two-headed ogre (23 damage)
             ... on level 7 of the Dungeon.
             The game lasted 00:34:34 (9279 turns).

porpoise the Grappler (Demonspawn Gladiator)        Turns: 9279, Time: 00:34:35

Health: -4/72      AC: 10    Str: 19    XL:     9   Next: 88%
Magic:  11/11      EV: 14    Int: 15    God:    Makhleb [***...]
Gold:   355        SH:  0    Dex: 15    Spells: 8/8 levels left

rFire   . . .      SeeInvis .     - Unarmed
rCold   + + .      Faith    .   (no shield)
rNeg    + . .      Spirit   .   I - +0 steam dragon scales
rPois   +          Reflect  .   c - +0 helmet
rElec   .          Harm     .   H - +0 cloak
rCorr   .          Rampage  .   (gloves unavailable)
Will    .....                   (no boots)
Stlth   +.........              z - amulet of regeneration
HPRegen 1.02/turn               a - ring of Vuekhicw {rC++ rN+ Str+3 Int+3}
MPRegen 0.24/turn               i - ring of poison resistance

@: about to teleport
A: claws 3, molten scales 2, magic regeneration
a: Renounce Religion, Minor Destruction, Lesser Servant of Makhleb


You were on level 7 of the Dungeon.
You worshipped Makhleb.
Makhleb was most pleased with you.
You visited 2 branches of the dungeon, and saw 9 of its levels.

You collected 355 gold pieces.

Inventory:

Hand Weapons
 b - the +2 flail of Fundamental Breach {speed, rElec rPois Dex-5 Stlth+}
   (You took it off a hobgoblin on level 2 of the Dungeon)

   Attacks with this weapon are significantly faster.
   Dex:       It affects your dexterity (-5).
   rElec:     It insulates you from electricity.
   rPois:     It protects you from poison.
   Stlth:     It makes you more stealthy.
 w - a +0 trident
Missiles
 d - a throwing net (quivered)
 f - 94 sling bullets
 h - 213 stones
 t - 102 arrows
 y - 5 boomerangs
 A - 6 poisoned darts
 F - 24 bolts
Armour
 c - a +0 helmet (worn)
 v - a +2 kite shield
 B - a +0 ring mail
 H - a +0 cloak (worn)
 I - +0 steam dragon scales (worn)
Jewellery
 a - the ring of Vuekhicw (left claw) {rC++ rN+ Str+3 Int+3}
   (You took it off a goblin on level 3 of the Dungeon)

   [ring of positive energy]

   Str:       It affects your strength (+3).
   Int:       It affects your intelligence (+3).
   rC:        It greatly protects you from cold.
   rN:        It protects you from negative energy.
 i - a ring of poison resistance (right claw)
 k - an amulet of faith
 n - a ring of resist corrosion
 z - an amulet of regeneration (around neck)
Wands
 o - a wand of polymorph (6)
 u - a wand of charming (23)
 C - a wand of flame (8)
 G - a wand of digging (4)
Scrolls
 e - a scroll of amnesia
 g - 3 scrolls of magic mapping
 l - 3 scrolls of silence
 m - a scroll of fog
 p - 3 scrolls of teleportation
 r - 2 scrolls of identify
 x - 2 scrolls of enchant weapon {unknown}
Potions
 j - a potion of flight
 q - 7 potions of curing
 s - 3 potions of lignification
 E - 2 potions of haste


   Skills:
 - Level 7.0 Fighting
 - Level 1.4(2.7) Axes
 - Level 3.4(3.6) Polearms
 - Level 1.7 Throwing
 * Level 0.0 Armour
 - Level 5.0 Dodging
 * Level 8.9 Unarmed Combat
 - Level 3.0 Invocations
 + Level 4.8 Evocations


You had 8 spell levels left.
You didn't know any spells.
Your spell library contained the following spells:

 Spells                   Type           Power      Damage    Failure   Level
 Animate Skeleton         Necr           0%         N/A       26%         1
 Foxfire                  Conj/Fire      0%         2x1d4     26%         1
 Pain                     Necr           0%         1d4       26%         1
 Conjure Flame            Conj/Fire      0%         6-21      63%         3
 Dazzling Flash           Conj/Hex       0%         N/A       63%         3
 Inner Flame              Hex/Fire       0%         N/A       63%         3
 Vampiric Draining        Necr           0%         2d6       63%         3
 Animate Armour           Summ/Erth      0%         N/A       95%         4
 Flame Wave               Conj/Fire      0%         2d4       95%         4
 Hailstorm                Conj/Ice       0%         3d3       95%         4
 Agony                    Necr           0%         N/A       100%        5
 Metabolic Englaciation   Hex/Ice        0%         N/A       100%        5
 Silence                  Hex/Air        0%         N/A       100%        5
 Ozocubu's Refrigeration  Ice            0%         4d5       100%        7


Dungeon Overview and Level Annotations

Branches:
Dungeon (8/15)             Temple (1/1) D:7            Lair (0/6) D:8

Altars:
Dithmenos
Hepliaklqana
Makhleb
Nemelex Xobeh
Ru

Shops:
D:4 (

Annotations:
D:7 3 runed translucent doors, kaffeinatedkobold's ghost, novice FoAK


Innate Abilities, Weirdness & Mutations

You have claws for hands.
You are mostly covered in molten scales. (AC +3)
You regenerate magic rapidly.


Message History

You scratch the death yak.
The death yak is almost dead.
The death yak gores you.
* * * LOW HITPOINT WARNING * * *
You claw the death yak!
You kill the death yak!
Makhleb accepts your kill.
Training target 5.0 for Dodging reached!
Your Dodging skill increases to level 5!
You close the door, pushing everything out of the way.
You start resting.
HP restored.
You start waiting.
Done waiting.
Unknown command.
Unknown command.
Unknown command.
Kaffeinatedkobold's ghost turns its malevolent gaze towards you.
You hear an angry hiss.
You hear a howl!
The orc warrior shouts!
There is a stone staircase leading down, spattered with blood here.
You climb downwards.
You hear the roar of battle.
There is an entrance to a bailey on this level.
Hurry and find it before the portal closes forever!
You hear the creaking of a portcullis very nearby.
The two-headed ogre hits you with a +0 giant spiked club!!
The two-headed ogre hits you with a +0 dire flail!
The death yak closely misses you.
The two-headed ogre hits you with a +0 giant spiked club!
The two-headed ogre barely misses you.
There is a stone staircase leading up, spattered with blood here.
The death yak gores you!
* * * LOW HITPOINT WARNING * * *
You climb upwards.
Level annotation: 3 runed translucent doors, kaffeinatedkobold's ghost, novice FoAK
There is a stone staircase leading down, spattered with blood here.
As you read the scroll of teleportation, it crumbles to dust.
You feel strangely unstable.
The two-headed ogre hits you with a +0 giant spiked club!!
You die...

#>..............#.##..
#..............##.....
#..#..#..#..#..##.####
#...............#+##
###############....##
#.#.#.#...####.....##
#.#.#..#...##.......#
#....O.....#.........
###.@Y....†+.........
#.#.....##.........
#.##.#..###.......#
#.......##.......##
######.###.##...##
#.###.##.+####
#.#...........
#.............
#....#########


You could see a death yak and a two-headed ogre.

Vanquished Creatures
  A death yak (D:7)
  Pikel (D:6)
  Maggie (D:7)
  Sigmund (D:5)
  A wyvern (D:7)
  Menkaure (D:6)
  A water moccasin (D:6)
  2 sky beasts
  A necrophage (D:5)
  A centaur (D:6)
  A phantom (D:5)
  2 ogres
  A lemure (D:6)
  Blork the orc (D:5)
  3 bullfrogs
  A gnoll sergeant (D:7)
  3 scorpions
  A water moccasin skeleton (D:4)
  A howler monkey (D:3)
  A bullfrog zombie (D:6)
  2 jellies
  A centaur zombie (D:7)
  An orc priest (D:3)
  A bullfrog skeleton (D:6)
  A centaur skeleton (D:7)
  6 iguanas
  An orc wizard (D:3)
  A hound skeleton (D:4)
  A howler monkey skeleton (D:7)
  3 gnolls (D:7)
  10 adders
  2 white imps
  An ufetubus (D:4)
  3 worms
  A dart slug (D:4)
  10 orcs
  4 ball pythons
  7 endoplasms
  A giant cockroach (D:1)
  11 goblins
  5 hobgoblins
  7 jackals
  4 kobolds (D:2)
  2 quokkas
  5 bats
  2 frilled lizards
  7 rats
126 creatures vanquished.

Vanquished Creatures (others)
  A fungus (D:1)
1 creature vanquished.

Grand Total: 127 creatures vanquished

Notes
Turn   | Place    | Note
-------+----------+-------------------------------------------
     0 | D:1      | porpoise the Demonspawn Gladiator began the quest for the
                  | Orb.
     0 | D:1      | Reached XP level 1. HP: 16/16 MP: 1/1
    37 | D:1      | Found a faded altar of an unknown god.
   248 | D:1      | Got Plato's Compendium of Conjuration
   251 | D:1      | Prayed at the altar of an unknown god.
   251 | D:1      | Became a worshipper of Makhleb the Destroyer
   251 | D:1      | Reached * piety under Makhleb
   606 | D:1      | Gained mutation: You are partially covered in molten
                  | scales. (AC +2) [demonic ancestry]
   606 | D:1      | Reached XP level 2. HP: 23/23 MP: 2/2
  1344 | D:2      | Gained mutation: You regenerate magic rapidly. [demonic
                  | ancestry]
  1344 | D:2      | Reached XP level 3. HP: 22/28 MP: 3/3
  1436 | D:2      | Reached skill level 1 in Axes
  1984 | D:2      | Identified the +2 flail of Fundamental Breach {speed, rElec
                  | rPois Dex-5 Stlth+}
  1988 | D:2      | Reached skill level 1 in Invocations
  2492 | D:3      | Identified the ring of Vuekhicw {rC++ rN+ Str+3 Int+3}
  2511 | D:3      | Gained mutation: You have sharp fingernails. [demonic
                  | ancestry]
  2511 | D:3      | Reached XP level 4. HP: 35/35 MP: 4/4
  2804 | D:3      | Reached ** piety under Makhleb
  3073 | D:3      | Reached skill level 1 in Unarmed Combat
  3073 | D:3      | Reached XP level 5. HP: 41/41 MP: 5/5
  3462 | D:3      | Reached skill level 2 in Unarmed Combat
  3954 | D:4      | Reached XP level 6. HP: 44/49 MP: 6/6
  4048 | D:4      | Found Faob's Weapon Shoppe.
  4118 | D:4      | Reached skill level 3 in Unarmed Combat
  4647 | D:5      | Entered Level 5 of the Dungeon
  4714 | D:5      | Noticed Blork the orc
  4729 | D:5      | Killed Blork the orc
  4730 | D:5      | Reached skill level 5 in Fighting
  4730 | D:5      | Reached skill level 4 in Unarmed Combat
  4822 | D:5      | Gained mutation: You are mostly covered in molten scales.
                  | (AC +3) [demonic ancestry]
  4822 | D:5      | Reached XP level 7. HP: 51/56 MP: 6/8
  5834 | D:5      | Reached skill level 5 in Unarmed Combat
  5852 | D:5      | Noticed Sigmund
  5895 | D:5      | Killed Sigmund
  5896 | D:5      | Gained mutation: You have very sharp fingernails. [demonic
                  | ancestry]
  5896 | D:5      | Reached XP level 8. HP: 62/64 MP: 10/10
  6575 | D:6      | Reached *** piety under Makhleb
  6672 | D:6      | Reached skill level 6 in Unarmed Combat
  6734 | D:6      | Reached skill level 1 in Evocations
  6946 | D:6      | Noticed Pikel
  6979 | D:6      | Killed Pikel
  7118 | D:6      | Noticed Menkaure
  7127 | D:6      | Reached skill level 7 in Unarmed Combat
  7128 | D:6      | Killed Menkaure
  7129 | D:6      | Gained mutation: You have claws for hands. [demonic
                  | ancestry]
  7129 | D:6      | Reached XP level 9. HP: 9/72 MP: 11/11
  7823 | D:6      | Found a hazy altar of Hepliaklqana.
  7828 | D:6      | Got the Papyrus of the Supportive Frostbite
  7985 | D:7      | Found a runed translucent gate.
  7985 | D:7      | Found a runed translucent gate.
  7985 | D:7      | Found a runed translucent gate.
  8003 | D:7      | Noticed kaffeinatedkobold's ghost (novice FoAK)
  8432 | D:7      | Noticed Maggie
  8443 | D:7      | Killed Maggie
  8565 | D:7      | Reached skill level 8 in Unarmed Combat
  8802 | D:7      | Found a staircase to the Ecumenical Temple.
  8811 | Temple   | Entered the Ecumenical Temple
  8940 | D:8      | Noticed a two-headed ogre
  8943 | D:8      | Noticed a death yak
  8945 | D:8      | Noticed a death yak
  8945 | D:8      | Noticed a death yak
  9066 | D:7      | HP: 2/72 [death yak (17)]
  9068 | D:7      | Killed a death yak
  9069 | D:7      | Reached skill level 5 in Dodging
  9279 | D:7      | Slain by a two-headed ogre

Illustrated notes

Levels and vault maps discovered:
D:1:      psy_arrival_basics, layout_basic, shapermc_ecumenical_altar_rom_forum,
          kennysheep_nondescript, patterned_corridor
D:2:      wad_crossroads, layout_rooms
D:3:      layout_basic
D:4:      layout_rooms, serial_shops, nicolae_shop_hallway_plus,
          guppyfry_early_lair_pool
D:5:      layout_basic, uniq_sigmund, uniq_blork_the_orc
D:6:      layout_basic, mainiacjoe_overflow_cross_hatched, serial_corexii_hall,
          chequers_hall_statues_wall_a, corexii_hall_statues_s,
          corexii_hall_statues_i, chequers_hall_statues_corner_a,
          chequers_serial_rivers_room_a, uniq_menkaure, uniq_pikel
D:7:      layout_loops_corners, temple_hall, gammafunk_ghost_split,
          minmay_curled_crystal, uniq_maggie
D:8:      cheibrodos_two_vegetables, layout_basic, dpeg_lair_monsters,
          enter_bailey_4, uniq_prince_ribbit1
Temple:   regret_index_temple_chain_breaker

Skill      XL: |  1  2  3  4  5  6  7  8  9 |
---------------+----------------------------+-----
Polearms       | 3 |  3.4
Axes           | 1 |  1.4
Invocations    | 1 3 |  3.0
Fighting       | 3 4 5 7 |  7.0
Unarmed Combat | 1 2 4 5 7 8 |  8.9
Evocations     | 3 4 |  4.8
Dodging        | 3 5 |  5.0
Throwing       | |  1.7

Action                   |  1- 3 |  4- 6 |  7- 9 || total
-------------------------+-------+-------+-------++-------
Melee: Trident           |   146 |     6 |       ||   152
       Punch             |     4 |     4 |    13 ||    21
       Flail             |       |   125 |       ||   125
       Unarmed           |       |    16 |   216 ||   232
Throw: Throwing net      |       |     1 |     2 ||     3
Invok: Lesser Servant of |       |       |     1 ||     1
  Use: Scroll            |       |     7 |     7 ||    14
       Potion            |       |     1 |     8 ||     9
 Stab: Sleeping          |     2 |     4 |     1 ||     7
       Held in net/web   |       |     1 |     1 ||     2
       Invisible         |       |       |     2 ||     2
Armor: Leather armour    |    50 |    19 |       ||    69
       Ring mail         |       |    24 |    43 ||    67
       Skin              |       |       |     2 ||     2
       Steam dragon scal |       |       |     9 ||     9
Dodge: Dodged            |    73 |    66 |   113 ||   252

Table legend: (Time is in decaauts)
 A = Elapsed time spent in this place.
 B = Non-inter-level travel time spent in this place.
 C = Inter-level travel time spent in this place.
 D = Time resting spent in this place.
 E = Time spent auto-exploring this place.
 F = Levels seen in this place.
 G = Mean time per level.
                   A        B        C        D        E       F      G
               +--------+--------+--------+--------+--------+-----+--------+
         Total |   9211 |   9008 |    203 |   3821 |   3717 |   9 | 1023.4 |
       Dungeon |   9208 |   9007 |    201 |   3821 |   3717 |   8 | 1151.0 |
        Temple |      3 |      1 |      2 |      0 |      0 |   1 |    3.0 |
               +--------+--------+--------+--------+--------+-----+--------+

Top non-repeatable levels by time:
     D:6: 1717 daAuts
     D:5: 1525 daAuts
     D:3: 1521 daAuts
     D:2: 1424 daAuts
     D:7: 1278 daAuts
     D:1: 940 daAuts
     D:4: 757 daAuts
     D:8: 43 daAuts
  Temple: 3 daAuts
